 Dungeon Crawl Stone Soup version 0.21.1-1-g345015fe64 (webtiles) character file.

774 Gargoyl the Skirmisher (level 7, -2/60 HPs)
             Began as a Centaur Abyssal Knight on Feb 11, 2018.
             Was a Priest of Lugonu.
             Slain by an ogre
             ... wielding a +0 giant spiked club
              (20 damage)
             ... on level 4 of the Dungeon.
             The game lasted 00:08:59 (4034 turns).

Gargoyl the Skirmisher (Centaur Abyssal Knight)     Turns: 4034, Time: 00:09:00

Health: -2/60      AC: 11    Str: 15    XL:     7   Next: 53%
Magic:  8/8        EV:  3    Int: 11    God:    Lugonu [***...]
Gold:   153        SH:  0    Dex: 10    Spells: 6/6 levels left

rFire    . . .     SeeInvis .   a - +1 hand axe
rCold    . . .     Gourm    .   (no shield)
rNeg     . . .     Faith    .   s - +0 plate armour
rPois    .         Spirit   .   f - +1 helmet
rElec    .         Reflect  .   (no cloak)
rCorr    .         Harm     .   (no gloves)
MR       .....                  (no barding)
Stlth    ..........             (no amulet)
HPRegen  0.20/turn              (no ring)
MPRegen  0.11/turn              (no ring)

@: very quick
A: large, hooves 3, deformed body, speed 2, tough skin 3
a: Depart the Abyss, Bend Space, Banish, Renounce Religion


You were on level 4 of the Dungeon.
You worshipped Lugonu.
Lugonu was most pleased with you.
You were not hungry.

You visited 1 branch of the dungeon, and saw 4 of its levels.
You visited the Abyss 1 time.
You also visited: Sewer.

You collected 153 gold pieces.

Inventory:

Hand Weapons
 a - a +1 hand axe (weapon)
Armour
 f - a +1 helmet (worn)
 s - a +0 plate armour (worn)
Scrolls
 b - 3 scrolls of teleportation
 e - a scroll of blinking
 i - a scroll of remove curse
 k - 2 scrolls of identify
 m - 6 scrolls of magic mapping
 r - a scroll of fog
Potions
 g - a potion of might
 h - 2 potions of haste {unknown}
 j - a potion of agility {unknown}
 l - a potion of curing
 n - a potion of heal wounds
 o - 3 potions of magic {unknown}
 q - a potion of brilliance {unknown}
Comestibles
 c - 7 rations
 d - 4 chunks of flesh


   Skills:
 + Level 4.9 Fighting
 + Level 4.8 Axes
 + Level 3.6 Armour
 + Level 2.1 Dodging
 + Level 0.2 Stealth
 + Level 2.1 Invocations


You had 6 spell levels left.
You didn't know any spells.

Dungeon Overview and Level Annotations

Branches:
Dungeon (4/15)
 Temple: D:4-7

Altars:

Portals:
Ossuary: D:4


Innate Abilities, Weirdness & Mutations

You have hooves in place of feet.
Armour fits poorly on your strangely shaped body.
You cover ground very quickly.
You have extremely tough skin. (AC +3)


Message History

An ogre comes into view. It is wielding a giant spiked club.
The ogre shouts!
You hit the hobgoblin zombie but do no damage.
The hobgoblin zombie is severely damaged.
The hobgoblin zombie hits you.
You slash the hobgoblin zombie!
You destroy the hobgoblin zombie!
Lugonu accepts your kill.
Found 13 gold pieces.
You hit the ogre.
The ogre is lightly wounded.
The ogre hits you with a giant spiked club!
You barely miss the ogre. You kick the ogre.
The ogre is moderately wounded.
The ogre hits you with a giant spiked club!!
* * * LOW HITPOINT WARNING * * *
You hit the ogre. You kick the ogre.
The ogre is heavily wounded.
The ogre hits you with a giant spiked club!!
You die...

*,*,***,*,********,*,* *,*,*
*,*,* *,*,* *,*,* *,*,, *,*,*
*,*,***## *,*,* *,*** *,*,*
*,*,,,,.# *,*,* *,*,, *,*,*
#,***##.###*,*,****,,,, *,*,*
#.####....#*,*,,,,,,,,,
*,*,*##.......∩.#*,*******,,,
*,*,,.......O...##.#,,,,,,,,,
*,,,,.......@...$..#,****,,,,
******#######.#######,* *,*+*
*,,>,,.......§§§§§§.#,* *,*,*
**,***#######.§§###.#,* *,*,*
*,* *,,,.....§.#,*,*,* *,*,*
*,* *,**###..§§.,*,*,* *,*+*
*,* *,*,,,#.#§###*,*,* *,,,,
*,* *,*,,......,,,,*,* *,,,,
*,* *,**###.#.#*****,* *,,,8


You could see an ogre.

Vanquished Creatures
  Sigmund (D:2)
  An orc warrior (D:3)
  3 bullfrogs
  A scorpion (D:2)
  A howler monkey (D:3)
  A hound (D:4)
  An orc wizard (D:3)
  3 adders
  5 river rats (Sewer)
  An ooze (Sewer)
  2 worms (D:3)
  3 dart slugs
  A leopard gecko (D:3)
  6 orcs
  17 ball pythons
  6 bats
  2 giant cockroaches (D:2)
  7 hobgoblins
  6 jackals
  2 quokkas
  6 frilled lizards
  3 goblins
  A hobgoblin zombie (D:4)
  4 kobolds
  28 rats
112 creatures vanquished.

Notes
Turn   | Place    | Note
-------+----------+-------------------------------------------
     0 | Abyss:1  | Gargoyl the Centaur Abyssal Knight began the quest for the Orb.
     0 | Abyss:1  | Reached XP level 1. HP: 19/19 MP: 2/2
    12 | Abyss:2  | Found a corrupted altar of Lugonu.
    43 | Abyss:2  | Noticed a starcursed mass
    57 | Abyss:2  | Noticed a quasit
    57 | Abyss:2  | Found a corrupted altar of Lugonu.
   112 | Abyss:2  | Noticed a wretched star
   115 | Abyss:3  | Found a corrupted altar of Lugonu.
   139 | Abyss:3  | Noticed an orange demon
   139 | D:1      | Escaped the Abyss
   263 | D:1      | Reached XP level 2. HP: 18/26 MP: 3/3
   468 | D:1      | Reached * piety under Lugonu
   895 | D:2      | Noticed a bullfrog
   908 | D:2      | Killed a bullfrog
   908 | D:2      | Reached XP level 3. HP: 14/33 MP: 4/4
   908 | D:2      | Reached XP level 4. HP: 18/40 MP: 5/5
  1161 | D:2      | Noticed Sigmund
  1171 | D:2      | Killed Sigmund
  1171 | D:2      | Reached skill level 1 in Dodging
  1171 | D:2      | Reached XP level 5. HP: 20/47 MP: 6/6
  1176 | D:2      | Reached XP level 6. HP: 15/53 MP: 7/7
  2178 | D:3      | Found a glowing drain.
  2181 | D:3      | Noticed an orc warrior
  2188 | Sewer    | Entered a sewer
  2435 | Sewer    | Reached ** piety under Lugonu
  2960 | Sewer    | Reached XP level 7. HP: 27/60 MP: 8/8
  3371 | D:3      | HP: 2/60 [orc wizard/magic dart (4)]
  3379 | D:3      | Reached *** piety under Lugonu
  4023 | D:4      | Found a sand-covered staircase.
  4034 | D:4      | Slain by an ogre

Skill      XL: |  1  2  3  4  5  6  7 |
---------------+----------------------+-----
Axes           | 2 3 4 |  4.8
Fighting       | 4 |  4.9
Armour         | 2 3 |  3.6
Dodging        | 1 2 |  2.1
Stealth        | |  0.2
Invocations    | |  2.1

Action                   |  1- 3 |  4- 6 |  7- 9 || total
-------------------------+-------+-------+-------++-------
Melee: Hand axe          |    64 |   164 |    63 ||   291
       Kick              |     7 |    29 |    16 ||    52
Invok: Depart the Abyss  |     1 |       |       ||     1
  Use: Scroll            |     6 |       |     3 ||     9
       Potion            |     2 |     2 |     5 ||     9
  Eat: Chunk             |       |     6 |     3 ||     9
Armor: Ring mail         |    50 |    98 |    15 ||   163
       Plate armour      |       |       |    24 ||    24
Dodge: Dodged            |    40 |   103 |    18 ||   161
